 Dungeon Crawl Stone Soup version 0.23.0 (webtiles) character file.

Game seed: 135302044043351646

5016 blaro the Cleaver (level 10, 0/88 HPs)
             Began as a Minotaur Fighter on Feb 15, 2019.
             Was an Elder of Okawaru.
             Killed from afar by an electric eel (3 damage)
             ... with a bolt of electricity
             ... on level 8 of the Dungeon on Feb 18, 2019.
             The game lasted 00:44:21 (7323 turns).

blaro the Cleaver (Minotaur Fighter)                Turns: 7323, Time: 00:44:23

Health: 0/88       AC: 13    Str: 24    XL:     10   Next: 30%
Magic:  9/9        EV: 25    Int:  5    God:    Okawaru [****..]
Gold:   699        SH: 11    Dex: 10    Spells: 9/9 levels left

rFire    + . .     SeeInvis .   a - +0 war axe
rCold    . . .     Gourm    .   c - +0 shield
rNeg     . . .     Faith    .   b - +0 scale mail
rPois    .         Spirit   .   (helmet restricted)
rElec    .         Reflect  .   (no cloak)
rCorr    .         Harm     .   (no gloves)
MR       .....                  k - +2 pair of boots
Stlth    ..........             p - amulet of the acrobat
HPRegen  0.24/turn              I - ring of protection from fire
MPRegen  0.11/turn              v - +2 ring of protection

@: acrobat
A: retaliatory headbutt, horns 2
a: Heroism, Renounce Religion


You were on level 8 of the Dungeon.
You worshipped Okawaru.
Okawaru was greatly pleased with you.
You were hungry.

You visited 2 branches of the dungeon, and saw 9 of its levels.
You also visited: Ossuary.

You collected 699 gold pieces.

Inventory:

Hand Weapons
 a - a +0 war axe (weapon)
 M - a +0 battleaxe
 N - a +2 short sword of protection
Armour
 b - a +0 scale mail (worn)
 c - a +0 shield (worn)
 k - a +2 pair of boots (worn)
 o - a +0 helmet
 O - a +0 cloak
 T - a +2 buckler
Jewellery
 h - an uncursed ring of ice
 p - an amulet of the acrobat (around neck)
 r - an uncursed amulet of guardian spirit {unknown}
 v - a +2 ring of protection (right hand)
 H - an uncursed ring of wizardry
 I - a ring of protection from fire (left hand)
 P - an uncursed amulet of harm {unknown}
 Q - an uncursed ring of wizardry
Wands
 y - a wand of digging (5)
Scrolls
 g - 7 scrolls of remove curse {unknown}
 i - 2 scrolls of fear {unknown}
 l - 12 scrolls of identify {unknown}
 m - 12 scrolls of teleportation {unknown}
 n - 5 scrolls of enchant weapon {unknown}
 s - 2 scrolls of random uselessness {unknown}
 t - 2 scrolls of blinking {unknown}
 u - a scroll of amnesia {unknown}
 w - 2 scrolls of noise {unknown}
 D - a scroll of fog {unknown}
 E - 3 scrolls of enchant armour {unknown}
 F - 5 scrolls of immolation {unknown}
 L - a scroll of silence {unknown}
 R - a scroll of summoning {unknown}
Potions
 d - 4 potions of might
 e - 2 potions of heal wounds {unknown}
 j - 3 potions of agility {unknown}
 q - 9 potions of curing {unknown}
 x - a potion of flight {unknown}
 z - 2 potions of brilliance {unknown}
 A - a potion of mutation {unknown}
 B - 2 potions of degeneration {unknown}
 C - a potion of ambrosia {unknown}
 G - 2 potions of lignification {unknown}
 J - a potion of invisibility {unknown}
 K - 2 potions of magic {unknown}
Miscellaneous
 S - a phial of floods
Comestibles
 f - 11 rations


   Skills:
 + Level 7.7 Fighting
 + Level 12.2 Axes
 + Level 8.3 Armour
 + Level 4.1 Dodging
 + Level 1.1 Stealth
 + Level 8.1 Shields


You had 9 spell levels left.
You didn't know any spells.
Your spell library was empty.

Dungeon Overview and Level Annotations

Branches:
Dungeon (8/15)             Temple (1/1) D:5
   Lair: D:8-11

Altars:
Cheibriados
Dithmenos
Elyvilon
Fedhas
Hepliaklqana
Kikubaaqudgha
Makhleb
Nemelex Xobeh
Okawaru
Qazlal
Ru
Sif Muna
Trog
Uskayaw
The Shining One

Shops:
D:5 [


Innate Abilities, Weirdness & Mutations

You reflexively headbutt those who attack you in melee.
You have a pair of horns on your head.


Message History

* * * LOW HITPOINT WARNING * * *
The electric eel shoots out a bolt of lightning at you!
The bolt of electricity hits the plant!
The bolt of electricity misses you.
The electric eel shoots out a bolt of lightning at you!
The bolt of electricity hits the plant!
The plant is destroyed!
The bolt of electricity hits the plant!
The bolt of electricity misses you.
The electric eel shoots out a bolt of lightning at you!
The bolt of electricity hits the plant! x2; The bolt of electricity hits you!
* * * LOW HITPOINT WARNING * * *
The electric eel shoots out a bolt of lightning at you!
The bolt of electricity hits the plant.
The bolt of electricity misses you.
You are feeling hungry.
The electric eel shoots out a bolt of lightning at you!
The bolt of electricity hits the plant!
The bolt of electricity misses you.
The electric eel shoots out a bolt of lightning at you!
The bolt of electricity hits the electric eel.
The electric eel completely resists.
The bolt of electricity hits the plant!
The bolt of electricity hits you.
You die...

.♣;≈≈≈≈≈≈;≈≈≈≈≈♣....#.#.......#
÷;♣ ≈≈≈≈≈≈≈;≈≈.<............#
#♣≈≈≈≈≈≈≈≈≈≈≈≈;≈........†.....# #
≈P≈≈≈≈≈≈≈≈≈♣;P.............## #
≈≈≈≈≈≈≈≈≈P≈PP..............#
#♣♣♣≈≈≈≈≈≈≈≈≈≈♣.>.............#
>.;≈≈≈≈≈≈≈≈≈P♣♣...............#
#.♣≈≈;P≈≈≈≈≈PP♣(.............##
..♣♣ ≈≈≈P≈P≈;♣≈.@.......#...##
..♣≈ ≈≈PP≈P≈♣≈....#####.#..##
..#P♣≈♣≈≈≈♣≈P♣....# ##.#..####
..##;;≈≈P≈≈≈≈.....# ##........##
....≈≈≈≈PP≈≈......###..........##
.....≈♣≈≈≈≈P....................#
..##..≈♣♣♣≈#########...)........#
..#####≈≈♣## #............# ###
### ##..........##


You could see 3 electric eels.

Vanquished Creatures
  A centaur warrior (D:8)
  Pikel (D:4)
  Joseph (D:7)
  Maurice (D:8)
  A centaur skeleton (D:8)
  A spriggan (D:7)
  A golden eye (shapeshifter) (D:8)
  2 water moccasins
  2 ice beasts
  2 sky beasts
  A black bear (D:6)
  An orc warrior (D:8)
  3 ogres
  A phantom (D:8)
  2 centaurs
  A big kobold (D:8)
  3 bullfrogs
  A killer bee (D:8)
  3 howler monkeys
  3 crimson imps
  2 quasits
  2 jellies
  2 bullfrog zombies
  2 orc priests (D:8)
  4 orc wizards
  2 hounds
  An iguana (D:6)
  5 worker ants
  8 mummies (Ossuary)
  A hound skeleton (D:7)
  Robin (D:4)
  4 gnolls (D:8)
  9 adders
  An ooze (D:1)
  An adder skeleton (D:2)
  2 worms
  2 dart slugs
  5 leopard geckos
  10 orcs
  10 bats
  12 giant cockroaches
  2 gnoll zombies (Ossuary)
  20 goblins
  11 hobgoblins
  3 jackals (D:6)
  6 kobolds
  4 quokkas
  5 frilled lizards
  4 hobgoblin zombies (Ossuary)
  A kobold zombie (Ossuary)
  A leopard gecko zombie (D:8)
  An orc zombie (Ossuary)
  5 rats
181 creatures vanquished.

Vanquished Creatures (others)
  A bat (D:1)
  2 plants (D:8)
3 creatures vanquished.

Grand Total: 184 creatures vanquished

Notes
Turn   | Place    | Note
-------+----------+-------------------------------------------
     0 | D:1      | blaro the Minotaur Fighter began the quest for the Orb.
     0 | D:1      | Reached XP level 1. HP: 19/19 MP: 0/0
    99 | D:1      | Reached XP level 2. HP: 25/27 MP: 1/1
   451 | D:1      | Reached XP level 3. HP: 32/33 MP: 2/2
   888 | D:2      | Reached skill level 3 in Axes
   921 | D:2      | Reached XP level 4. HP: 37/41 MP: 3/3
  1489 | D:2      | Reached skill level 4 in Axes
  1632 | D:2      | Reached XP level 5. HP: 35/47 MP: 4/4
  1695 | D:2      | Reached skill level 1 in Dodging
  1723 | D:2      | Paralysed by fainting for 9 turns
  1927 | D:3      | Found a hide-covered altar of Uskayaw.
  2410 | D:4      | Noticed Pikel
  2410 | D:4      | Noticed a slave
  2410 | D:4      | Noticed a slave
  2410 | D:4      | Noticed a slave
  2410 | D:4      | Noticed a slave
  2433 | D:4      | Killed Pikel
  2433 | D:4      | Reached skill level 5 in Fighting
  2433 | D:4      | Reached skill level 6 in Axes
  2433 | D:4      | Reached skill level 5 in Armour
  2433 | D:4      | Reached skill level 5 in Shields
  2433 | D:4      | Reached XP level 6. HP: 39/56 MP: 5/5
  2433 | D:4      | Reached XP level 7. HP: 42/61 MP: 6/6
  2753 | D:4      | Noticed Robin
  2777 | D:4      | Killed Robin
  2985 | D:4      | Reached skill level 7 in Axes
  3227 | D:5      | Entered Level 5 of the Dungeon
  3483 | D:5      | Found a stormy altar of Qazlal.
  3679 | D:5      | Found Kokiuh's Antique Armour Shop.
  3742 | D:5      | Reached XP level 8. HP: 69/69 MP: 7/7
  3792 | D:5      | Found a staircase to the Ecumenical Temple.
  3827 | Temple   | Entered the Ecumenical Temple
  3854 | Temple   | Became a worshipper of Warmaster Okawaru
  4056 | D:6      | Reached skill level 8 in Axes
  4202 | D:6      | Found a glowing golden altar of the Shining One.
  4378 | D:7      | Found a burning altar of Makhleb.
  4418 | D:7      | Reached * piety under Okawaru
  4418 | D:7      | Reached skill level 9 in Axes
  4887 | D:7      | Noticed Joseph
  4903 | D:7      | Killed Joseph
  4903 | D:7      | Reached XP level 9. HP: 55/78 MP: 8/8
  5064 | D:7      | Found a white marble altar of Elyvilon.
  5514 | D:8      | Found a sand-covered staircase.
  5530 | Ossuary  | Entered an ossuary
  5556 | Ossuary  | Reached ** piety under Okawaru
  5778 | D:8      | Noticed Maurice
  5792 | D:8      | Killed Maurice
  5792 | D:8      | Reached skill level 10 in Axes
  6361 | D:8      | Reached skill level 11 in Axes
  6389 | D:8      | Noticed a centaur warrior
  6394 | D:8      | Killed a centaur warrior
  6394 | D:8      | Reached *** piety under Okawaru
  6394 | D:8      | Reached skill level 1 in Stealth
  6394 | D:8      | Reached XP level 10. HP: 69/86 MP: 9/9
  6886 | D:8      | Found a burning altar of Makhleb.
  6897 | D:8      | Reached skill level 12 in Axes
  6901 | D:8      | Found a hazy altar of Hepliaklqana.
  7155 | D:8      | Reached **** piety under Okawaru
  7321 | D:8      | HP: 2/88 [electric eel/bolt of electricity (12)]
  7323 | D:8      | Killed from afar by an electric eel

Skill      XL: |  1  2  3  4  5  6  7  8  9 10 |
---------------+-------------------------------+-----
Fighting       | 4 5 6 7 |  7.7
Shields        | 4 5 6 7 8 |  8.1
Armour         | 4 5 7 8 |  8.3
Axes           | 3 4 6 7 9 11 12 | 12.2
Dodging        | 2 3 4 |  4.1
Stealth        | 1 |  1.1

Action                   |  1- 3 |  4- 6 |  7- 9 | 10-12 || total
-------------------------+-------+-------+-------+-------++-------
Melee: War axe           |    99 |   106 |   236 |    57 ||   498
       Headbutt          |    16 |    19 |    51 |     8 ||    94
  Eat: Ration            |       |     1 |     4 |     1 ||     6
Armor: Scale mail        |    56 |    58 |    86 |    12 ||   212
Dodge: Dodged            |    34 |    44 |    90 |    34 ||   202
Block: Shield            |    87 |    63 |   108 |    30 ||   288
